 Dungeon Crawl Stone Soup version 0.26-a0-1131-g5f66e2dd50 (webtiles) character file.

Game seed: 10989290854145240934

29 Gildeon the Shooter (level 3, -3/30 HPs)
             Began as a Minotaur Hunter on Dec 19, 2020.
             Slain by a gnoll
             ... wielding a cursed -1 spear
              (8 damage)
             ... on level 1 of the Dungeon.
             The game lasted 00:02:41 (210 turns).

Gildeon the Shooter (Minotaur Hunter)                Turns: 210, Time: 00:02:41

Health: -3/30      AC:  3    Str: 16    XL:     3   Next: 1%
Magic:  2/2        EV: 12    Int:  9    God:
Gold:   11         SH:  0    Dex: 10    Spells: 2/2 levels left

rFire    . . .     SeeInvis .   f - +0 spear
rCold    . . .     Faith    .   (no shield)
rNeg     . . .     Spirit   .   c - +0 leather armour
rPois    .         Reflect  .   (helmet restricted)
rElec    .         Harm     .   (no cloak)
rCorr    .         Rampage  .   (no gloves)
Will     .....                  (no boots)
Stlth    +.........             (no amulet)
HPRegen  0.10/turn              (no ring)
MPRegen  0.08/turn              (no ring)

@: no status effects
A: retaliatory headbutt, horns 2
a: no special abilities


You were on level 1 of the Dungeon.
You visited 1 branch of the dungeon, and saw 1 of its levels.

You collected 11 gold pieces.

Inventory:

Hand Weapons
 a - a +1 shortbow
 f - a +0 spear (weapon)
Armour
 c - a +0 leather armour (worn)
Scrolls
 e - a scroll of remove curse {unknown}


   Skills:
 + Level 2.9 Fighting
 + Level 1.0 Polearms
 + Level 4.6 Bows
 + Level 1.2 Armour
 + Level 2.6 Dodging
 - Level 0.7 Stealth


You had 2 spell levels left.
You didn't know any spells.
Your spell library was empty.

Dungeon Overview and Level Annotations

Branches:
Dungeon (1/15)

Altars:


Innate Abilities, Weirdness & Mutations

You reflexively headbutt those who attack you in melee.
You have a pair of horns on your head.


Message History

The giant cockroach closely misses you.
You hit the giant cockroach.
The giant cockroach is moderately wounded.
The giant cockroach bites you but does no damage.
The gnoll hits you from afar with a cursed -1 spear.
You hit the giant cockroach but do no damage.
The giant cockroach is moderately wounded.
The giant cockroach barely misses you.
The gnoll hits you from afar with a cursed -1 spear.
* * * LOW HITPOINT WARNING * * *
The giant cockroach barely misses you.
You hit the giant cockroach.
The giant cockroach is severely wounded.
The giant cockroach closely misses you.
The gnoll hits you from afar with a cursed -1 spear.
* * * LOW HITPOINT WARNING * * *
You hit the giant cockroach. You headbutt the giant cockroach.
You kill the giant cockroach!
The gnoll hits you from afar with a cursed -1 spear!
You die...

##### ....(### #...#
....((. #...# #.(..# .
#...# ##...(###
..###..†#######.......##
..........†...).)..(.(..
........g..†g..†)..((...
#####..†#######..)....#.
#..@# #....)..'.
#####...# #.......#.
....[...# ###.#.#)..
........# #.#.#...
........#### #.#.#..!
.......)...## #.#.....
........##..# ###.###...
.......[###.###.#.# #...
####.#### #.....# +...


You could see a gnoll.

Vanquished Creatures
  A dart slug (D:1)
  2 leopard geckos (D:1)
  4 bats (D:1)
  2 giant cockroaches (D:1)
  2 hobgoblins (D:1)
  4 jackals (D:1)
  3 kobolds (D:1)
  A frilled lizard (D:1)
  2 goblins (D:1)
  2 rats (D:1)
23 creatures vanquished.

Notes
Turn   | Place    | Note
-------+----------+-------------------------------------------
     0 | D:1      | Gildeon the Minotaur Hunter began the quest for the Orb.
     0 | D:1      | Reached XP level 1. HP: 18/18 MP: 0/0
    91 | D:1      | Reached XP level 2. HP: 25/25 MP: 1/1
   136 | D:1      | Reached skill level 1 in Armour
   185 | D:1      | Reached skill level 1 in Polearms
   185 | D:1      | Reached XP level 3. HP: 13/30 MP: 2/2
   210 | D:1      | Slain by a gnoll

Illustrated notes

Levels and vault maps discovered:
D:1:      roderic_chinese_lattice_arrival, layout_basic

Skill      XL: |  1  2 |
---------------+-------+-----
Armour         | 1 |  1.2
Polearms       | 1 |  1.0
Fighting       | |  2.9
Bows           | |  4.6
Dodging        | |  2.6
Stealth        | |  0.7

Action                   || total
-------------------------++-------
Melee: Spear             ||    29
       Headbutt          ||     4
 Fire: Shortbow          ||    32
Armor: Leather armour    ||     9
Dodge: Dodged            ||    27

Table legend: (Time is in decaauts)
 A = Elapsed time spent in this place.
 B = Non-inter-level travel time spent in this place.
 C = Inter-level travel time spent in this place.
 D = Time resting spent in this place.
 E = Time spent auto-exploring this place.
 F = Levels seen in this place.
 G = Mean time per level.
                   A        B        C        D        E       F      G
               +--------+--------+--------+--------+--------+-----+--------+
         Total |    211 |    211 |      0 |      0 |     61 |   1 |  211.0 |
       Dungeon |    211 |    211 |      0 |      0 |     61 |   1 |  211.0 |
               +--------+--------+--------+--------+--------+-----+--------+

Top non-repeatable levels by time:
     D:1: 211 daAuts
